Vancouver Canucks vs Toronto Maple Leafs
Created - Saturday, December 21, 2024 at 08:26
Goals
|
| Vancouver Canucks |
0 |
2 |
1 |
3 |
| Toronto Maple Leafs |
2 |
2 |
0 |
4 |
|
Shots
|
| Vancouver Canucks |
9 |
7 |
13 |
29 |
| Toronto Maple Leafs |
20 |
15 |
5 |
40 |
|
1st period
1. Toronto Maple Leafs , Sam Bennett 2 (Brandon Saad 2, Scott Laughton 1) at 1:21
2. Toronto Maple Leafs , Nicolas Roy 1 (Wyatt Johnston 8) at 12:58
Penalties :
Brady Tkachuk (TOR) for Unsportsmanlike conduct (Minor) at 16:16, Anton Lundell (VAN) for Hooking (Minor) at 19:31
2nd period
3. Toronto Maple Leafs , Quinton Byfield 7 (Wyatt Johnston 9, Cam Talbot) at 6:10
4. Toronto Maple Leafs , Troy Terry 4 (Tomas Hertl 3, Brady Tkachuk 1) at 10:33 (PP)
5. Vancouver Canucks , Clayton Keller 7 (Mikko Rantanen 5, Miro Heiskanen 2) at 17:22
6. Vancouver Canucks , Taylor Raddysh 2 (Robby Fabbri 2, Miro Heiskanen 3) at 18:00
Penalties :
Robby Fabbri (VAN) for Roughing (Minor) at 6:49, Miro Heiskanen (VAN) for Tripping (Minor) at 10:27, Wyatt Johnston (TOR) for Interference (Minor) at 13:35
3rd period
7. Vancouver Canucks , Clayton Keller 8 (Mikko Rantanen 6, Anton Lundell 3) at 2:37
Penalties :
Robby Fabbri (VAN) for Delaying the game (Minor) at 5:08
Goalie Stats
Justus Annunen (VAN), 36 saves from 40 shots - (0.900), L, 2-2-0, 58:52 minutes
Cam Talbot (TOR), 26 saves from 29 shots - (0.897), W, 4-3-0, 60:00 minutes
Players Stats for Vancouver Canucks
Player Name G A P +/- PIM S H SB GA TA FO MP PP MP PK MP
------------------------------------------------------------------------------------
Aleksander Barkov 0 0 0 0 0 1 0 0 0 0 3/10 17:45 2:04 2:57
Anton Lundell 0 1 1 1 2 1 1 0 0 0 12/26 18:34 1:22 0:00
Artturi Lehkonen 0 0 0 0 0 1 1 2 0 0 0/0 18:51 2:22 2:52
Casey Mittelstadt 0 0 0 0 0 4 0 0 0 0 1/3 15:15 2:17 0:14
Clayton Keller 2 0 2 1 0 6 0 0 0 0 2/4 19:57 1:41 0:00
Jacob Bryson 0 0 0 -1 0 0 1 3 0 0 0/0 12:40 0:00 0:00
Jake Bean 0 0 0 1 0 1 1 1 0 0 0/0 19:57 0:00 2:30
Jesperi Kotkaniemi 0 0 0 0 0 1 1 0 0 0 0/1 11:19 0:00 0:00
Jesse Ylonen 0 0 0 -1 0 0 0 0 0 0 0/0 8:01 0:00 0:00
Justin Schultz 0 0 0 -1 0 2 0 0 0 0 0/0 20:19 1:54 3:02
Kasperi Kapanen 0 0 0 -1 0 0 0 0 1 0 1/2 11:28 0:14 2:57
Maxence Guenette 0 0 0 -1 0 1 1 0 0 1 0/0 13:07 0:00 0:00
Mikko Rantanen 0 2 2 1 0 2 2 1 1 0 1/2 20:22 1:41 0:14
Miro Heiskanen 0 2 2 2 2 2 1 4 1 0 0/0 27:34 2:04 3:01
Noah Hanifin 0 0 0 0 0 1 1 1 1 0 0/0 24:19 1:54 3:33
Oskar Back 0 0 0 -1 0 0 0 0 0 0 1/3 8:07 0:00 0:00
Robby Fabbri 0 1 1 0 4 3 0 0 1 0 0/0 10:49 0:00 0:00
Taylor Raddysh 1 0 1 0 0 3 3 0 0 0 1/4 15:29 2:17 2:52
Players Stats for Toronto Maple Leafs
Player Name G A P +/- PIM S H SB GA TA FO MP PP MP PK MP
------------------------------------------------------------------------------------
Aaron Ekblad 0 0 0 0 0 2 1 1 0 0 0/0 21:07 3:07 2:13
Andrew Mangiapane 0 0 0 -2 0 1 2 3 0 0 0/1 16:56 0:03 2:17
Brady Tkachuk 0 1 1 1 2 4 3 1 0 1 0/0 17:08 2:58 0:14
Brandon Saad 0 1 1 1 0 2 0 1 0 0 0/0 10:25 3:02 0:04
Cody Ceci 0 0 0 -2 0 1 1 3 0 0 0/0 18:52 0:00 1:45
Dougie Hamilton 0 0 0 2 0 0 0 0 0 0 0/0 18:53 3:07 0:00
Mario Ferraro 0 0 0 -2 0 4 0 2 0 1 0/0 19:36 0:00 2:13
Nick Bjugstad 0 0 0 -2 0 3 2 0 0 0 9/17 17:57 0:03 2:17
Nicolas Roy 1 0 1 0 0 4 0 0 0 0 2/2 14:57 0:00 1:23
Nino Niederreiter 0 0 0 -2 0 0 3 0 1 0 0/1 12:55 0:00 0:00
Quinton Byfield 1 0 1 0 0 3 1 0 0 0 1/2 16:42 3:02 0:00
Ryan Pulock 0 0 0 0 0 1 0 1 0 0 0/0 21:09 2:56 1:45
Sam Bennett 1 0 1 1 0 3 1 0 0 1 0/0 8:25 0:03 0:00
Scott Laughton 0 1 1 1 0 0 1 1 0 0 3/4 10:14 0:00 1:37
Sean Walker 0 0 0 2 0 1 0 3 0 1 0/0 18:58 2:56 0:00
Tomas Hertl 0 1 1 1 0 6 3 0 0 0 12/15 18:04 2:58 0:00
Troy Terry 1 0 1 1 0 5 0 0 0 0 0/0 16:46 2:58 0:00
Wyatt Johnston 0 2 2 0 2 0 0 0 0 1 6/13 16:56 3:02 0:04
3 Stars
1 - Clayton Keller (VAN)
2 - Sam Bennett (TOR)
3 - Mikko Rantanen (VAN)
Power Play
Vancouver Canucks - 0 on 2 Attempt(s) - 0.00%
Toronto Maple Leafs - 1 on 4 Attempt(s) - 25.00%
Penalty Kill
Vancouver Canucks - 3 on 4 Attempt(s) - 75.00%
- Score 0 goal in Penalty Kill
Toronto Maple Leafs - 2 on 2 Attempt(s) - 100.00%
- Score 0 goal in Penalty Kill
Team Stat
Vancouver Canucks - Hits : 13 - Faceoff Wins : 22 - Blocked Shots : 12 - Penalty Minutes : 8
Toronto Maple Leafs - Hits : 18 - Faceoff Wins : 33 - Blocked Shots : 16 - Penalty Minutes : 4
Official
Referees : Kyle Rehman and Brian Pochmara
Linesman : Mitchell Hunt and Jesse Marquis
Game Notes
No Game Note
Finance
Level 1 -- Attendance: 6000 (100.00%) -- Ticket Income $564,000
Level 2 -- Attendance: 5000 (100.00%) -- Ticket Income $270,000
Level 3 -- Attendance: 3000 (100.00%) -- Ticket Income $99,000
Level 4 -- Attendance: 5000 (100.00%) -- Ticket Income $105,000
Luxury Box -- Attendance: 1000 (100.00%) -- Ticket Income $193,000
Game was played at the Air Canada Centre.
Total Attendance: 20000 (100.00%)
Total Ticket Income: $1,231,000
Other Income: $430,850
Total Income: $1,661,850
Vancouver Canucks
5 vs 5 Forward
Center Left Wing Right Wing Time % Phy DF OF
1 Anton Lundell Clayton Keller Mikko Rantanen 40 1 1 3
2 Aleksander Barkov Casey Mittelstadt Artturi Lehkonen 30 1 2 2
3 Jesperi Kotkaniemi Robby Fabbri Taylor Raddysh 20 1 2 2
4 Oskar Back Jesse Ylonen Kasperi Kapanen 10 1 3 1
5 vs 5 Defense
Defense Defense Time % Phy DF OF
1 Jake Bean Miro Heiskanen 30 1 2 2
2 Noah Hanifin Jacob Bryson 30 1 2 2
3 Maxence Guenette Justin Schultz 25 1 2 2
4 Noah Hanifin Miro Heiskanen 15 1 2 2
PowerPlay Forward
Center Left Wing Right Wing Time % Phy DF OF
1 Mikko Rantanen Clayton Keller Artturi Lehkonen 50 0 1 4
2 Casey Mittelstadt Taylor Raddysh Anton Lundell 50 0 1 4
PowerPlay Defense
Defense Defense Time % Phy DF OF
1 Aleksander Barkov Miro Heiskanen 50 0 1 4
2 Noah Hanifin Justin Schultz 50 0 1 4
Penalty Kill 4 Players Forward
Center Wing Time % Phy DF OF
1 Aleksander Barkov Kasperi Kapanen 50 1 2 2
2 Taylor Raddysh Artturi Lehkonen 50 1 2 2
Penalty Kill 4 Players Defense
Defense Defense Time % Phy DF OF
1 Noah Hanifin Miro Heiskanen 50 1 2 2
2 Justin Schultz Jake Bean 50 1 2 2
Penalty Kill - 3 Players Forward
Forward Time % Phy DF OF
1 Aleksander Barkov 50 1 2 2
2 Taylor Raddysh 50 1 2 2
Penalty Kill - 3 Players Defense
Defense Defense Time % Phy DF OF
1 Noah Hanifin Miro Heiskanen 50 1 2 2
2 Jake Bean Justin Schultz 50 1 2 2
4 vs 4 Forward
Center Wing Time % Phy DF OF
1 Mikko Rantanen Clayton Keller 50 1 2 2
2 Casey Mittelstadt Aleksander Barkov 50 1 2 2
4 vs 4 Defense
Defense Defense Time % Phy DF OF
1 Noah Hanifin Miro Heiskanen 50 1 2 2
2 Justin Schultz Maxence Guenette 50 1 2 2
Last Minutes Offensive
Center Left Wing Right Wing Defense Defense
Aleksander Barkov Clayton Keller Mikko Rantanen Noah Hanifin Miro Heiskanen
Last Minutes Defensive
Center Left Wing Right Wing Defense Defense
Aleksander Barkov Clayton Keller Mikko Rantanen Noah Hanifin Miro Heiskanen
Goaltenders
Starting : Justus Annunen
Backup : Joonas Korpisalo
Extra Forwards
Normal : Aleksander Barkov, Mikko Rantanen, Clayton Keller - PP : Clayton Keller, Anton Lundell - PK : Mikko Rantanen
Extra Defensemen
Normal : Noah Hanifin, Miro Heiskanen, Jake Bean - PP : Noah Hanifin - PK : Noah Hanifin, Miro Heiskanen
Penalty Shots
Aleksander Barkov, Mikko Rantanen, Clayton Keller, Taylor Raddysh, Casey Mittelstadt
Scratches
Ty Dellandrea (Healthy), Adam Boqvist (Healthy), Eemil Viro (Healthy), Kim Nousiainen (Healthy), Ville Husso (Healthy)
Toronto Maple Leafs
5 vs 5 Forward
Center Left Wing Right Wing Time % Phy DF OF
1 Tomas Hertl Brady Tkachuk Troy Terry 30 1 2 2
2 Wyatt Johnston Quinton Byfield Nicolas Roy 30 1 2 2
3 Nick Bjugstad Nino Niederreiter Andrew Mangiapane 30 1 2 2
4 Scott Laughton Sam Bennett Brandon Saad 10 1 2 2
5 vs 5 Defense
Defense Defense Time % Phy DF OF
1 Aaron Ekblad Ryan Pulock 33 1 2 2
2 Mario Ferraro Cody Ceci 32 1 2 2
3 Sean Walker Dougie Hamilton 31 1 2 2
4 Mario Ferraro Cody Ceci 4 1 2 2
PowerPlay Forward
Center Left Wing Right Wing Time % Phy DF OF
1 Tomas Hertl Brady Tkachuk Troy Terry 50 1 2 2
2 Wyatt Johnston Quinton Byfield Brandon Saad 50 1 2 2
PowerPlay Defense
Defense Defense Time % Phy DF OF
1 Dougie Hamilton Aaron Ekblad 50 1 2 2
2 Ryan Pulock Sean Walker 50 1 2 2
Penalty Kill 4 Players Forward
Center Wing Time % Phy DF OF
1 Nick Bjugstad Andrew Mangiapane 50 1 2 2
2 Scott Laughton Nicolas Roy 50 1 2 2
Penalty Kill 4 Players Defense
Defense Defense Time % Phy DF OF
1 Aaron Ekblad Mario Ferraro 50 1 2 2
2 Cody Ceci Ryan Pulock 50 1 2 2
Penalty Kill - 3 Players Forward
Forward Time % Phy DF OF
1 Nick Bjugstad 50 1 2 2
2 Scott Laughton 50 1 2 2
Penalty Kill - 3 Players Defense
Defense Defense Time % Phy DF OF
1 Mario Ferraro Aaron Ekblad 50 1 2 2
2 Cody Ceci Ryan Pulock 50 1 2 2
4 vs 4 Forward
Center Wing Time % Phy DF OF
1 Scott Laughton Troy Terry 50 1 2 2
2 Wyatt Johnston Brady Tkachuk 50 1 2 2
4 vs 4 Defense
Defense Defense Time % Phy DF OF
1 Cody Ceci Mario Ferraro 50 1 2 2
2 Aaron Ekblad Ryan Pulock 50 1 2 2
Last Minutes Offensive
Center Left Wing Right Wing Defense Defense
Tomas Hertl Brady Tkachuk Nick Bjugstad Aaron Ekblad Dougie Hamilton
Last Minutes Defensive
Center Left Wing Right Wing Defense Defense
Tomas Hertl Scott Laughton Nick Bjugstad Aaron Ekblad Ryan Pulock
Goaltenders
Starting : Cam Talbot
Backup : Frederik Andersen
Extra Forwards
Normal : Scott Laughton, Brandon Saad, Andrew Mangiapane - PP : Andrew Mangiapane, Sam Bennett - PK : Andrew Mangiapane
Extra Defensemen
Normal : Sean Walker, Dougie Hamilton, Mario Ferraro - PP : Cody Ceci - PK : Sean Walker, Dougie Hamilton
Penalty Shots
Dougie Hamilton, Nick Bjugstad, Quinton Byfield, Troy Terry, Nicolas Roy
Scratches
Bowen Byram (Healthy), Kyle Okposo (Healthy), Warren Foegele (Healthy), Luke Schenn (Healthy), Pierre Engvall (Healthy)
% Time on Ice - Vancouver Canucks
Lines # - Real PCT - Wanted PCT - Time Play
Normal Forward
1 - 33% - 40% - 16:17
2 - 34% - 30% - 16:26
3 - 16% - 20% - 7:35
4 - 17% - 10% - 8:30
Normal Defense
1 - 30% - 30% - 14:31
2 - 28% - 30% - 13:47
3 - 30% - 25% - 14:32
4 - 12% - 15% - 5:58
PP Forward
1 - 42% - 50% - 1:41
2 - 58% - 50% - 2:17
PP Defense
1 - 52% - 50% - 2:04
2 - 48% - 50% - 1:54
PK Forward
1 - 49% - 50% - 2:57
2 - 51% - 50% - 3:06
PK Defense
1 - 52% - 50% - 3:07
2 - 48% - 50% - 2:56
PK3 Forward
1 - 0% - 50%
2 - 0% - 50%
PK3 Defense
1 - 0% - 50%
2 - 0% - 50%
44 Forward
1 - 0% - 50%
2 - 0% - 50%
44 Defense
1 - 0% - 50%
2 - 0% - 50%
Last Minute Offensive - 1:11
Last Minute Defensive - 0:00
Total
Forward - 60:00
Defense - 60:00
|
% Time on Ice - Toronto Maple Leafs
Lines # - Real PCT - Wanted PCT - Time Play
Normal Forward
1 - 32% - 30% - 15:37
2 - 33% - 30% - 16:13
3 - 23% - 30% - 11:21
4 - 11% - 10% - 5:34
Normal Defense
1 - 34% - 33% - 16:29
2 - 34% - 32% - 16:22
3 - 31% - 31% - 14:53
4 - 2% - 4% - 1:01
PP Forward
1 - 50% - 50% - 3:01
2 - 50% - 50% - 3:02
PP Defense
1 - 52% - 50% - 3:07
2 - 48% - 50% - 2:56
PK Forward
1 - 58% - 50% - 2:17
2 - 42% - 50% - 1:41
PK Defense
1 - 56% - 50% - 2:13
2 - 44% - 50% - 1:45
PK3 Forward
1 - 0% - 50%
2 - 0% - 50%
PK3 Defense
1 - 0% - 50%
2 - 0% - 50%
44 Forward
1 - 0% - 50%
2 - 0% - 50%
44 Defense
1 - 0% - 50%
2 - 0% - 50%
Last Minute Offensive - 0:00
Last Minute Defensive - 1:14
Total
Forward - 60:00
Defense - 60:00
|
Play-by-Play
1st period
0:01 of 1st period - Tomas Hertl wins face-off versus Anton Lundell in neutral zone.
0:08 of 1st period - Slapshot by Troy Terry.
0:08 of 1st period - Shot Misses the Net.
1:11 of 1st period - Off-side.
1:12 of 1st period - Scott Laughton wins face-off versus Oskar Back in neutral zone.
1:17 of 1st period - Backhand shot by Brandon Saad.
1:17 of 1st period - Stopped by Justus Annunen with a rebound.
1:21 of 1st period - Snap shot by Sam Bennett.
1:21 of 1st period - Goal by Sam Bennett - Vancouver Canucks : 0 - Toronto Maple Leafs : 1.
1:22 of 1st period - Anton Lundell wins face-off versus Tomas Hertl in neutral zone.
1:35 of 1st period - Wrist shot by Tomas Hertl.
1:35 of 1st period - Shot Misses the Net.
1:37 of 1st period - Slapshot by Sean Walker.
1:37 of 1st period - Stopped by Justus Annunen with a rebound.
1:39 of 1st period - Slapshot by Dougie Hamilton.
1:39 of 1st period - Shot Blocked by Miro Heiskanen.
1:54 of 1st period - Aaron Ekblad is hit by Artturi Lehkonen and loses puck.
2:13 of 1st period - Slapshot by Sam Bennett.
2:13 of 1st period - Shot Misses the Net.
2:19 of 1st period - Snap shot by Sam Bennett.
2:19 of 1st period - Stopped by Justus Annunen with a rebound.
2:21 of 1st period - Slapshot by Mario Ferraro.
2:21 of 1st period - Stopped by Justus Annunen without a rebound.
2:22 of 1st period - Anton Lundell wins face-off versus Nick Bjugstad in Vancouver Canucks zone.
2:36 of 1st period - Wrist shot by Mikko Rantanen.
2:36 of 1st period - Deflect By Clayton Keller.
2:36 of 1st period - Shot Blocked by Sean Walker.
2:36 of 1st period - Puck is out of play.
2:37 of 1st period - Tomas Hertl wins face-off versus Aleksander Barkov in Toronto Maple Leafs zone.
2:46 of 1st period - Wrist shot by Brady Tkachuk.
2:46 of 1st period - Stopped by Justus Annunen without a rebound.
2:47 of 1st period - Aleksander Barkov wins face-off versus Tomas Hertl in Vancouver Canucks zone.
3:26 of 1st period - Snap shot by Tomas Hertl.
3:26 of 1st period - Shot Misses the Net.
3:38 of 1st period - Slapshot by Tomas Hertl.
3:38 of 1st period - Shot Blocked by Artturi Lehkonen.
3:40 of 1st period - Wrist shot by Troy Terry.
3:40 of 1st period - Stopped by Justus Annunen with a rebound.
3:48 of 1st period - Snap shot by Tomas Hertl.
3:48 of 1st period - Stopped by Justus Annunen with a rebound.
3:54 of 1st period - Snap shot by Brady Tkachuk.
3:54 of 1st period - Stopped by Justus Annunen with a rebound.
3:56 of 1st period - Snap shot by Troy Terry.
3:56 of 1st period - Shot Blocked by Artturi Lehkonen.
3:58 of 1st period - Slapshot by Cody Ceci.
3:58 of 1st period - Deflect By Troy Terry.
3:58 of 1st period - Stopped by Justus Annunen with a rebound.
4:00 of 1st period - Snap shot by Troy Terry.
4:00 of 1st period - Stopped by Justus Annunen with a rebound.
4:02 of 1st period - Slapshot by Tomas Hertl.
4:02 of 1st period - Deflect By Troy Terry.
4:02 of 1st period - Shot Misses the Net.
4:02 of 1st period - Puck is out of play.
4:03 of 1st period - Anton Lundell wins face-off versus Nino Niederreiter in Vancouver Canucks zone.
5:40 of 1st period - Snap shot by Robby Fabbri.
5:40 of 1st period - Shot Blocked by Cody Ceci.
6:23 of 1st period - Off-side.
6:24 of 1st period - Tomas Hertl wins face-off versus Anton Lundell in neutral zone.
6:33 of 1st period - Wrist shot by Tomas Hertl.
6:33 of 1st period - Shot Blocked by Jake Bean.
6:39 of 1st period - Wrist shot by Tomas Hertl.
6:39 of 1st period - Stopped by Justus Annunen with a rebound.
6:41 of 1st period - Slapshot by Aaron Ekblad.
6:41 of 1st period - Stopped by Justus Annunen with a rebound.
7:03 of 1st period - Wrist shot by Robby Fabbri.
7:03 of 1st period - Stopped by Cam Talbot without a rebound.
7:04 of 1st period - Nick Bjugstad wins face-off versus Aleksander Barkov in Toronto Maple Leafs zone.
7:15 of 1st period - Slapshot by Aleksander Barkov.
7:15 of 1st period - Shot Misses the Net.
7:31 of 1st period - Jacob Bryson is hit by Quinton Byfield and loses puck.
8:27 of 1st period - Wrist shot by Brandon Saad.
8:27 of 1st period - Stopped by Justus Annunen without a rebound.
8:28 of 1st period - Nick Bjugstad wins face-off versus Anton Lundell in Vancouver Canucks zone.
8:33 of 1st period - Slapshot by Andrew Mangiapane.
8:33 of 1st period - Shot Misses the Net.
8:41 of 1st period - Slapshot by Andrew Mangiapane.
8:41 of 1st period - Shot Blocked by Mikko Rantanen.
8:53 of 1st period - Wyatt Johnston is hit by Jacob Bryson and loses puck.
9:15 of 1st period - Casey Mittelstadt is hit by Tomas Hertl and loses puck.
9:54 of 1st period - Miro Heiskanen is hit by Nick Bjugstad and loses puck.
10:07 of 1st period - Snap shot by Nick Bjugstad.
10:07 of 1st period - Stopped by Justus Annunen with a rebound.
10:29 of 1st period - Slapshot by Miro Heiskanen.
10:29 of 1st period - Stopped by Cam Talbot with a rebound.
10:43 of 1st period - Wrist shot by Tomas Hertl.
10:43 of 1st period - Stopped by Justus Annunen without a rebound.
10:44 of 1st period - Tomas Hertl wins face-off versus Clayton Keller in Vancouver Canucks zone.
11:01 of 1st period - Snap shot by Tomas Hertl.
11:01 of 1st period - Shot Blocked by Jacob Bryson.
11:35 of 1st period - Noah Hanifin is hit by Aaron Ekblad and loses puck.
11:58 of 1st period - Snap shot by Robby Fabbri.
11:58 of 1st period - Shot Blocked by Scott Laughton.
12:09 of 1st period - Off-side.
12:10 of 1st period - Nick Bjugstad wins face-off versus Anton Lundell in neutral zone.
12:36 of 1st period - Cody Ceci is hit by Taylor Raddysh and loses puck.
12:43 of 1st period - Jesperi Kotkaniemi is hit by Andrew Mangiapane and loses puck.
12:54 of 1st period - Wrist shot by Nick Bjugstad.
12:54 of 1st period - Shot Blocked by Miro Heiskanen.
12:56 of 1st period - Wrist shot by Nick Bjugstad.
12:56 of 1st period - Stopped by Justus Annunen without a rebound.
12:57 of 1st period - Wyatt Johnston wins face-off versus Anton Lundell in Vancouver Canucks zone.
12:58 of 1st period - Snap shot by Nicolas Roy.
12:58 of 1st period - Goal by Nicolas Roy - Vancouver Canucks : 0 - Toronto Maple Leafs : 2.
12:59 of 1st period - Anton Lundell wins face-off versus Wyatt Johnston in neutral zone.
13:34 of 1st period - Casey Mittelstadt is hit by Brady Tkachuk and loses puck.
13:55 of 1st period - Snap shot by Robby Fabbri.
13:55 of 1st period - Stopped by Cam Talbot without a rebound.
13:56 of 1st period - Nicolas Roy wins face-off versus Anton Lundell in Toronto Maple Leafs zone.
13:56 of 1st period - Nicolas Roy is hit by Maxence Guenette.
14:46 of 1st period - Wrist shot by Kasperi Kapanen.
14:46 of 1st period - Shot Misses the Net.
14:48 of 1st period - Snap shot by Kasperi Kapanen.
14:48 of 1st period - Shot Blocked by Andrew Mangiapane.
15:06 of 1st period - Snap shot by Taylor Raddysh.
15:06 of 1st period - Stopped by Cam Talbot without a rebound.
15:07 of 1st period - Scott Laughton wins face-off versus Jesperi Kotkaniemi in Toronto Maple Leafs zone.
15:16 of 1st period - Snap shot by Sam Bennett.
15:16 of 1st period - Shot Blocked by Miro Heiskanen.
15:46 of 1st period - Slapshot by Robby Fabbri.
15:46 of 1st period - Stopped by Cam Talbot with a rebound.
15:48 of 1st period - Slapshot by Noah Hanifin.
15:48 of 1st period - Shot Blocked by Brandon Saad.
15:50 of 1st period - Slapshot by Miro Heiskanen.
15:50 of 1st period - Shot Misses the Net.
15:52 of 1st period - Slapshot by Noah Hanifin.
15:52 of 1st period - Stopped by Cam Talbot without a rebound.
15:53 of 1st period - Anton Lundell wins face-off versus Wyatt Johnston in Toronto Maple Leafs zone.
15:56 of 1st period - Wrist shot by Mikko Rantanen.
15:56 of 1st period - Stopped by Cam Talbot with a rebound.
15:58 of 1st period - Slapshot by Jake Bean.
15:58 of 1st period - Deflect By Quinton Byfield.
15:58 of 1st period - Stopped by Cam Talbot without a rebound.
15:59 of 1st period - Anton Lundell wins face-off versus Wyatt Johnston in Toronto Maple Leafs zone.
16:10 of 1st period - Snap shot by Clayton Keller.
16:10 of 1st period - Shot Misses the Net.
16:12 of 1st period - Wrist shot by Clayton Keller.
16:12 of 1st period - Stopped by Cam Talbot without a rebound.
16:13 of 1st period - Tomas Hertl wins face-off versus Anton Lundell in Toronto Maple Leafs zone.
16:13 of 1st period - Tomas Hertl is hit by Anton Lundell.
16:16 of 1st period - Minor Penalty to Brady Tkachuk for Unsportsmanlike conduct.
16:17 of 1st period - Clayton Keller wins face-off versus Nick Bjugstad in Toronto Maple Leafs zone.
18:16 of 1st period - Penalty to Brady Tkachuk is over, Brady Tkachuk is back on ice.
18:45 of 1st period - Icing by Robby Fabbri.
18:46 of 1st period - Quinton Byfield wins face-off versus Oskar Back in Vancouver Canucks zone.
19:31 of 1st period - Minor Penalty to Anton Lundell for Hooking.
19:32 of 1st period - Tomas Hertl wins face-off versus Kasperi Kapanen in Vancouver Canucks zone.
19:41 of 1st period - Snap shot by Tomas Hertl.
19:41 of 1st period - Stopped by Justus Annunen with a rebound.
19:43 of 1st period - Wrist shot by Brady Tkachuk.
19:43 of 1st period - Stopped by Justus Annunen with a rebound.
19:45 of 1st period - Snap shot by Brady Tkachuk.
19:45 of 1st period - Shot Misses the Net.
Goals for this period are 0 for Vancouver Canucks vs 2 for Toronto Maple Leafs.
Shots for this period are 9 for Vancouver Canucks vs 20 for Toronto Maple Leafs.
2nd period
0:01 of 2nd period - Wyatt Johnston wins face-off versus Taylor Raddysh in neutral zone.
0:04 of 2nd period - Snap shot by Brandon Saad.
0:04 of 2nd period - Shot Misses the Net.
0:06 of 2nd period - Slapshot by Aaron Ekblad.
0:06 of 2nd period - Stopped by Justus Annunen without a rebound.
0:07 of 2nd period - Taylor Raddysh wins face-off versus Wyatt Johnston in Vancouver Canucks zone.
0:41 of 2nd period - Noah Hanifin is hit by Brady Tkachuk and loses puck.
1:31 of 2nd period - Penalty to Anton Lundell is over, Anton Lundell is back on ice.
2:05 of 2nd period - Robby Fabbri is hit by Sam Bennett and loses puck.
2:28 of 2nd period - Jake Bean is hit by Cody Ceci and loses puck.
3:10 of 2nd period - Quinton Byfield is hit by Jesperi Kotkaniemi and loses puck.
4:27 of 2nd period - Wyatt Johnston is hit by Mikko Rantanen and loses puck.
4:42 of 2nd period - Jesperi Kotkaniemi is hit by Nick Bjugstad and loses puck.
4:59 of 2nd period - Snap shot by Aleksander Barkov.
4:59 of 2nd period - Shot Blocked by Mario Ferraro.
5:01 of 2nd period - Slapshot by Miro Heiskanen.
5:01 of 2nd period - Shot Blocked by Mario Ferraro.
5:03 of 2nd period - Snap shot by Casey Mittelstadt.
5:03 of 2nd period - Stopped by Cam Talbot without a rebound.
5:04 of 2nd period - Tomas Hertl wins face-off versus Aleksander Barkov in Toronto Maple Leafs zone.
5:22 of 2nd period - Slapshot by Tomas Hertl.
5:22 of 2nd period - Stopped by Justus Annunen without a rebound.
5:23 of 2nd period - Anton Lundell wins face-off versus Nick Bjugstad in Vancouver Canucks zone.
5:28 of 2nd period - Dougie Hamilton is hit by Jake Bean and loses puck.
6:10 of 2nd period - Slapshot by Quinton Byfield.
6:10 of 2nd period - Goal by Quinton Byfield - Vancouver Canucks : 0 - Toronto Maple Leafs : 3.
6:11 of 2nd period - Anton Lundell wins face-off versus Tomas Hertl in neutral zone.
6:47 of 2nd period - Snap shot by Brady Tkachuk.
6:47 of 2nd period - Shot Misses the Net.
6:49 of 2nd period - Minor Penalty to Robby Fabbri for Roughing.
6:50 of 2nd period - Wyatt Johnston wins face-off versus Taylor Raddysh in Vancouver Canucks zone.
8:26 of 2nd period - Taylor Raddysh is hit by Tomas Hertl and loses puck.
8:49 of 2nd period - Penalty to Robby Fabbri is over, Robby Fabbri is back on ice.
8:59 of 2nd period - Snap shot by Mikko Rantanen.
8:59 of 2nd period - Stopped by Cam Talbot with a rebound.
9:05 of 2nd period - Clayton Keller is hit by Nino Niederreiter and loses puck.
10:27 of 2nd period - Minor Penalty to Miro Heiskanen for Tripping.
10:28 of 2nd period - Tomas Hertl wins face-off versus Taylor Raddysh in Vancouver Canucks zone.
10:31 of 2nd period - Wrist shot by Tomas Hertl.
10:31 of 2nd period - Shot Misses the Net.
10:33 of 2nd period - Snap shot by Troy Terry.
10:33 of 2nd period - Goal by Troy Terry - Vancouver Canucks : 0 - Toronto Maple Leafs : 4.
10:34 of 2nd period - Nicolas Roy wins face-off versus Anton Lundell in neutral zone.
11:47 of 2nd period - Snap shot by Brady Tkachuk.
11:47 of 2nd period - Shot Misses the Net.
11:49 of 2nd period - Slapshot by Tomas Hertl.
11:49 of 2nd period - Stopped by Justus Annunen with a rebound.
11:51 of 2nd period - Snap shot by Brady Tkachuk.
11:51 of 2nd period - Shot Blocked by Jacob Bryson.
11:53 of 2nd period - Slapshot by Ryan Pulock.
11:53 of 2nd period - Stopped by Justus Annunen with a rebound.
12:05 of 2nd period - Snap shot by Nicolas Roy.
12:05 of 2nd period - Stopped by Justus Annunen without a rebound.
12:06 of 2nd period - Wyatt Johnston wins face-off versus Mikko Rantanen in Vancouver Canucks zone.
12:49 of 2nd period - Snap shot by Quinton Byfield.
12:49 of 2nd period - Stopped by Justus Annunen with a rebound.
13:18 of 2nd period - Wrist shot by Clayton Keller.
13:18 of 2nd period - Shot Blocked by Sean Walker.
13:35 of 2nd period - Minor Penalty to Wyatt Johnston for Interference.
13:36 of 2nd period - Casey Mittelstadt wins face-off versus Nick Bjugstad in Toronto Maple Leafs zone.
13:39 of 2nd period - Slapshot by Artturi Lehkonen.
13:39 of 2nd period - Deflect By Taylor Raddysh.
13:39 of 2nd period - Stopped by Cam Talbot with a rebound.
13:43 of 2nd period - Slapshot by Artturi Lehkonen.
13:43 of 2nd period - Shot Misses the Net.
13:45 of 2nd period - Slapshot by Justin Schultz.
13:45 of 2nd period - Stopped by Cam Talbot with a rebound.
13:47 of 2nd period - Backhand shot by Casey Mittelstadt.
13:47 of 2nd period - Shot Misses the Net.
13:49 of 2nd period - Wrist shot by Casey Mittelstadt.
13:49 of 2nd period - Deflect By Taylor Raddysh.
13:49 of 2nd period - Shot Blocked by Andrew Mangiapane.
13:49 of 2nd period - Puck is out of play.
13:50 of 2nd period - Nick Bjugstad wins face-off versus Casey Mittelstadt in Toronto Maple Leafs zone.
14:44 of 2nd period - Icing by Miro Heiskanen.
14:45 of 2nd period - Scott Laughton wins face-off versus Casey Mittelstadt in Vancouver Canucks zone.
14:50 of 2nd period - Snap shot by Nicolas Roy.
14:50 of 2nd period - Stopped by Justus Annunen with a rebound.
15:35 of 2nd period - Penalty to Wyatt Johnston is over, Wyatt Johnston is back on ice.
15:45 of 2nd period - Wrist shot by Brady Tkachuk.
15:45 of 2nd period - Stopped by Justus Annunen with a rebound.
15:47 of 2nd period - Snap shot by Troy Terry.
15:47 of 2nd period - Shot Misses the Net.
15:49 of 2nd period - Slapshot by Cody Ceci.
15:49 of 2nd period - Stopped by Justus Annunen with a rebound.
15:51 of 2nd period - Snap shot by Troy Terry.
15:51 of 2nd period - Stopped by Justus Annunen without a rebound.
15:52 of 2nd period - Oskar Back wins face-off versus Scott Laughton in Vancouver Canucks zone.
16:30 of 2nd period - Icing by Dougie Hamilton.
16:31 of 2nd period - Clayton Keller wins face-off versus Nick Bjugstad in Toronto Maple Leafs zone.
16:36 of 2nd period - Wrist shot by Clayton Keller.
16:36 of 2nd period - Stopped by Cam Talbot without a rebound.
16:37 of 2nd period - Nick Bjugstad wins face-off versus Anton Lundell in Toronto Maple Leafs zone.
16:55 of 2nd period - Nino Niederreiter is hit by Mikko Rantanen and loses puck.
17:07 of 2nd period - Cody Ceci is hit by Noah Hanifin and loses puck.
17:22 of 2nd period - Slapshot by Mikko Rantanen.
17:22 of 2nd period - Deflect By Clayton Keller.
17:22 of 2nd period - Goal by Clayton Keller - Vancouver Canucks : 1 - Toronto Maple Leafs : 4.
17:23 of 2nd period - Tomas Hertl wins face-off versus Aleksander Barkov in neutral zone.
18:00 of 2nd period - Slapshot by Taylor Raddysh.
18:00 of 2nd period - Goal by Taylor Raddysh - Vancouver Canucks : 2 - Toronto Maple Leafs : 4.
18:01 of 2nd period - Nick Bjugstad wins face-off versus Aleksander Barkov in neutral zone.
18:10 of 2nd period - Wrist shot by Andrew Mangiapane.
18:10 of 2nd period - Stopped by Justus Annunen with a rebound.
18:12 of 2nd period - Slapshot by Mario Ferraro.
18:12 of 2nd period - Stopped by Justus Annunen without a rebound.
18:13 of 2nd period - Nick Bjugstad wins face-off versus Anton Lundell in Vancouver Canucks zone.
18:38 of 2nd period - Miro Heiskanen is hit by Tomas Hertl and loses puck.
18:56 of 2nd period - Icing by Artturi Lehkonen.
18:57 of 2nd period - Wyatt Johnston wins face-off versus Aleksander Barkov in Vancouver Canucks zone.
18:58 of 2nd period - Snap shot by Quinton Byfield.
18:58 of 2nd period - Stopped by Justus Annunen without a rebound.
18:59 of 2nd period - Nick Bjugstad wins face-off versus Anton Lundell in Vancouver Canucks zone.
19:45 of 2nd period - Icing by Justin Schultz.
19:46 of 2nd period - Aleksander Barkov wins face-off versus Wyatt Johnston in Vancouver Canucks zone.
Goals for this period are 2 for Vancouver Canucks vs 2 for Toronto Maple Leafs.
Shots for this period are 7 for Vancouver Canucks vs 15 for Toronto Maple Leafs.
3rd period
0:01 of 3rd period - Anton Lundell wins face-off versus Nick Bjugstad in neutral zone.
0:16 of 3rd period - Snap shot by Clayton Keller.
0:16 of 3rd period - Stopped by Cam Talbot without a rebound.
0:17 of 3rd period - Aleksander Barkov wins face-off versus Quinton Byfield in Toronto Maple Leafs zone.
0:18 of 3rd period - Slapshot by Casey Mittelstadt.
0:18 of 3rd period - Shot Misses the Net.
0:57 of 3rd period - Snap shot by Casey Mittelstadt.
0:57 of 3rd period - Stopped by Cam Talbot with a rebound.
1:11 of 3rd period - Snap shot by Casey Mittelstadt.
1:11 of 3rd period - Stopped by Cam Talbot with a rebound.
1:13 of 3rd period - Snap shot by Aleksander Barkov.
1:13 of 3rd period - Shot Blocked by Ryan Pulock.
1:15 of 3rd period - Snap shot by Artturi Lehkonen.
1:15 of 3rd period - Stopped by Cam Talbot without a rebound.
1:16 of 3rd period - Tomas Hertl wins face-off versus Clayton Keller in Toronto Maple Leafs zone.
1:20 of 3rd period - Off-side.
1:21 of 3rd period - Tomas Hertl wins face-off versus Anton Lundell in neutral zone.
2:17 of 3rd period - Icing by Jesse Ylonen.
2:18 of 3rd period - Kasperi Kapanen wins face-off versus Wyatt Johnston in Vancouver Canucks zone.
2:33 of 3rd period - Slapshot by Miro Heiskanen.
2:33 of 3rd period - Deflect By Jesse Ylonen.
2:33 of 3rd period - Shot Misses the Net.
2:33 of 3rd period - Puck is out of play.
2:34 of 3rd period - Anton Lundell wins face-off versus Nick Bjugstad in Toronto Maple Leafs zone.
2:37 of 3rd period - Snap shot by Clayton Keller.
2:37 of 3rd period - Goal by Clayton Keller - Vancouver Canucks : 3 - Toronto Maple Leafs : 4.
2:38 of 3rd period - Wyatt Johnston wins face-off versus Anton Lundell in neutral zone.
2:49 of 3rd period - Snap shot by Wyatt Johnston.
2:49 of 3rd period - Shot Blocked by Jacob Bryson.
2:51 of 3rd period - Snap shot by Nicolas Roy.
2:51 of 3rd period - Stopped by Justus Annunen with a rebound.
3:26 of 3rd period - Slapshot by Noah Hanifin.
3:26 of 3rd period - Shot Blocked by Aaron Ekblad.
3:28 of 3rd period - Slapshot by Noah Hanifin.
3:28 of 3rd period - Deflect By Jesperi Kotkaniemi.
3:28 of 3rd period - Stopped by Cam Talbot without a rebound.
3:29 of 3rd period - Anton Lundell wins face-off versus Wyatt Johnston in Toronto Maple Leafs zone.
3:30 of 3rd period - Snap shot by Mikko Rantanen.
3:30 of 3rd period - Shot Blocked by Cody Ceci.
4:05 of 3rd period - Wrist shot by Casey Mittelstadt.
4:05 of 3rd period - Stopped by Cam Talbot without a rebound.
4:06 of 3rd period - Nick Bjugstad wins face-off versus Anton Lundell in Toronto Maple Leafs zone.
4:35 of 3rd period - Wyatt Johnston is hit by Miro Heiskanen and loses puck.
5:08 of 3rd period - Minor Penalty to Robby Fabbri for Delaying the game.
5:09 of 3rd period - Tomas Hertl wins face-off versus Aleksander Barkov in Vancouver Canucks zone.
5:22 of 3rd period - Snap shot by Brady Tkachuk.
5:22 of 3rd period - Shot Blocked by Noah Hanifin.
5:26 of 3rd period - Slapshot by Brady Tkachuk.
5:26 of 3rd period - Shot Blocked by Miro Heiskanen.
5:43 of 3rd period - Slapshot by Wyatt Johnston.
5:43 of 3rd period - Shot Misses the Net.
5:45 of 3rd period - Backhand shot by Dougie Hamilton.
5:45 of 3rd period - Shot Misses the Net.
6:51 of 3rd period - Aleksander Barkov is hit by Brady Tkachuk and loses puck.
7:08 of 3rd period - Penalty to Robby Fabbri is over, Robby Fabbri is back on ice.
7:27 of 3rd period - Andrew Mangiapane is hit by Taylor Raddysh and loses puck.
7:34 of 3rd period - Andrew Mangiapane is hit by Taylor Raddysh and loses puck.
7:57 of 3rd period - Robby Fabbri is hit by Andrew Mangiapane and loses puck.
8:14 of 3rd period - Snap shot by Andrew Mangiapane.
8:14 of 3rd period - Shot Misses the Net.
8:16 of 3rd period - Slapshot by Sam Bennett.
8:16 of 3rd period - Shot Misses the Net.
8:18 of 3rd period - Snap shot by Nick Bjugstad.
8:18 of 3rd period - Stopped by Justus Annunen with a rebound.
8:20 of 3rd period - Snap shot by Mario Ferraro.
8:20 of 3rd period - Deflect By Noah Hanifin.
8:20 of 3rd period - Stopped by Justus Annunen with a rebound.
8:48 of 3rd period - Snap shot by Nick Bjugstad.
8:48 of 3rd period - Shot Misses the Net.
8:50 of 3rd period - Snap shot by Mario Ferraro.
8:50 of 3rd period - Stopped by Justus Annunen with a rebound.
8:52 of 3rd period - Snap shot by Sam Bennett.
8:52 of 3rd period - Stopped by Justus Annunen with a rebound.
9:22 of 3rd period - Icing by Nick Bjugstad.
9:23 of 3rd period - Anton Lundell wins face-off versus Andrew Mangiapane in Toronto Maple Leafs zone.
9:26 of 3rd period - Snap shot by Mikko Rantanen.
9:26 of 3rd period - Shot Misses the Net.
9:28 of 3rd period - Wrist shot by Anton Lundell.
9:28 of 3rd period - Deflect By Clayton Keller.
9:28 of 3rd period - Stopped by Cam Talbot with a rebound.
9:30 of 3rd period - Wrist shot by Miro Heiskanen.
9:30 of 3rd period - Stopped by Cam Talbot with a rebound.
9:32 of 3rd period - Snap shot by Mikko Rantanen.
9:32 of 3rd period - Shot Blocked by Cody Ceci.
9:34 of 3rd period - Snap shot by Jake Bean.
9:34 of 3rd period - Shot Misses the Net.
9:38 of 3rd period - Snap shot by Clayton Keller.
9:38 of 3rd period - Shot Blocked by Andrew Mangiapane.
9:40 of 3rd period - Backhand shot by Anton Lundell.
9:40 of 3rd period - Stopped by Cam Talbot with a rebound.
12:00 of 3rd period - Maxence Guenette is hit by Nino Niederreiter and loses puck.
12:20 of 3rd period - Wrist shot by Casey Mittelstadt.
12:20 of 3rd period - Shot Misses the Net.
12:22 of 3rd period - Wrist shot by Jesperi Kotkaniemi.
12:22 of 3rd period - Shot Blocked by Sean Walker.
12:24 of 3rd period - Snap shot by Aleksander Barkov.
12:24 of 3rd period - Stopped by Cam Talbot with a rebound.
12:26 of 3rd period - Slapshot by Maxence Guenette.
12:26 of 3rd period - Stopped by Cam Talbot with a rebound.
12:28 of 3rd period - Wrist shot by Casey Mittelstadt.
12:28 of 3rd period - Shot Blocked by Brady Tkachuk.
12:30 of 3rd period - Wrist shot by Aleksander Barkov.
12:30 of 3rd period - Shot Misses the Net.
12:32 of 3rd period - Slapshot by Justin Schultz.
12:32 of 3rd period - Stopped by Cam Talbot with a rebound.
12:52 of 3rd period - Noah Hanifin is hit by Nino Niederreiter and loses puck.
12:59 of 3rd period - Mikko Rantanen is hit by Scott Laughton and loses puck.
17:26 of 3rd period - Icing by Brandon Saad.
17:27 of 3rd period - Mikko Rantanen wins face-off versus Nick Bjugstad in Toronto Maple Leafs zone.
18:52 of 3rd period - Vancouver Canucks, Justus Annunen is pulled from the net.
18:52 of 3rd period - Snap shot by Aleksander Barkov.
18:52 of 3rd period - Shot Misses the Net.
19:49 of 3rd period - Snap shot by Clayton Keller.
19:49 of 3rd period - Shot Misses the Net.
Goals for this period are 1 for Vancouver Canucks vs 0 for Toronto Maple Leafs.
Shots for this period are 13 for Vancouver Canucks vs 5 for Toronto Maple Leafs.
Back to the Top